[Event "XLV Badalona Open 2019"]
[Site "Badalona"]
[Date "2019.08.07"]
[Round "6.6"]
[White "Perpinya Rofes, Lluis Maria"]
[Black "Mascaro March, Pedro"]
[Result "0-1"]
[ECO "B01"]
[WhiteElo "2319"]
[BlackElo "2376"]
[Annotator "ChessBase"]
[PlyCount "206"]
[EventDate "2019.08.02"]
[EventType "swiss"]
[EventCountry "ESP"]
[SourceTitle "playchess.com"]
[Source "ChessBase"]
[SourceQuality "1"]
[TimeControl "5400+30"]

1. e4 d5 2. exd5 Qxd5 3. Nc3 Qd8 4. d4 Nf6 5. Nf3 g6 6. Bf4 a6 7. Ne5 Bg7 8. Qd2 O-O 9. O-O-O b5 10. Bh6 Bb7 11. f3 Nbd7 12. Bxg7 Kxg7 13. Qf4 Nb6 14. h4 Qd6 15. h5 Nxh5 16. Rxh5 gxh5 17. Qg5+ Kh8 18. Qxh5 Qf6 19. Bd3 h6 20. Kb1 Kg7 21. Rh1 Rh8 22. Rh4 Rag8 23. g3 Kf8 24. Rg4 Rxg4 25. Qxg4 h5 26. Qh3 Kg7 27. Ne2 Bc8 28. Qh2 c5 29. Nf4 Qg5 30. g4 Kf8 31. Nxh5 Qe3 32. a3 Qxd4 33. c3 Qe3 34. Qg3 Be6 35. Be4 Qe2 36. Nd3 Qd1+ 37. Nc1 Qd6 38. Qf2 Nc4 39. Nd3 Ne5 40. Qxc5 Nxd3 41. Qxd6 exd6 42. Bxd3 Bd5 43. Be2 Ke7 44. Kc2 Bc4 45. Bd1 a5 46. b3 Bd5 47. Be2 Bc6 48. Kd3 f5 49. Ke3 fxg4 50. fxg4 Ke6 51. Bd3 Ke5 52. Nf4 Rh1 53. Ne2 Rh3+ 54. Kd2 Rh2 55. Ke3 Bd7 56. g5 Rg2 57. g6 Bf5 58. Bxb5 Bxg6 59. b4 axb4 60. axb4 Rh2 61. Nd4 Be4 62. Be2 Rh3+ 63. Kd2 Kf4 64. Ne6+ Ke5 65. Nd4 Bd5 66. Nb5 Rh2 67. Nd4 Rg2 68. Ke3 Rg3+ 69. Kd2 Be4 70. Nb5 Rg1 71. Nd4 Kf4 72. Ne6+ Ke5 73. Nd4 Bd5 74. Ke3 Rg3+ 75. Kd2 Ke4 76. Nb5 Ke5 77. Nd4 Rg1 78. Ke3 Ra1 79. Bd3 Ra3 80. Kd2 Be4 81. Be2 Kf4 82. Ne6+ Kf5 83. Nd4+ Ke5 84. Bc4 Bd5 85. Bd3 Kf4 86. Ne2+ Ke5 87. Nd4 Be4 88. Bc4 d5 89. Be2 Bg6 90. Nb5 Ra2+ 91. Ke3 Rc2 92. Bd1 Rh2 93. Nd4 Rh3+ 94. Nf3+ Kd6 95. Kd2 Bh5 96. Ke3 Rh1 97. Be2 Bxf3 98. Bxf3 Rh3 99. Kf4 Rh4+ 100. Ke3 Ke5 101. Kd2 Rh3 102. Bd1 Kd6 103. Bb3 d4 0-1

[Event "XLV Badalona Open 2019"]
[Site "Badalona"]
[Date "2019.08.07"]
[Round "6.7"]
[White "Cruz, Filemon"]
[Black "Lopez Gonzalez, Abel Fabian"]
[Result "0-1"]
[ECO "D34"]
[WhiteElo "2304"]
[BlackElo "2355"]
[Annotator "ChessBase"]
[PlyCount "102"]
[EventDate "2019.08.02"]
[EventType "swiss"]
[EventCountry "ESP"]
[SourceTitle "playchess.com"]
[Source "ChessBase"]
[SourceQuality "1"]
[TimeControl "5400+30"]

1. c4 e6 2. Nf3 d5 3. d4 c5 4. cxd5 exd5 5. g3 Nc6 6. Bg2 Nf6 7. O-O Be7 8. Nc3 O-O 9. dxc5 Bxc5 10. Bg5 d4 11. Ne4 Be7 12. Nxf6+ Bxf6 13. Qd2 h6 14. Bxf6 Qxf6 15. Rfd1 Rd8 16. Ne1 Bg4 17. h3 Be6 18. Nd3 Bd5 19. Qf4 Qe7 20. Rd2 Rd6 21. Bxd5 Rxd5 22. Rad1 Qe6 23. Qg4 Qf6 24. h4 Re8 25. Rc1 Qe7 26. Qf3 Rd6 27. Rcc2 Rf6 28. Qg2 Rf5 29. b3 Qa3 30. Rc4 Qa5 31. Rdc2 Rf6 32. b4 Qb6 33. a4 a6 34. Rc5 Rfe6 35. b5 Nd8 36. Qf3 axb5 37. axb5 Qa5 38. Kg2 R6e7 39. Nf4 Ne6 40. Nxe6 fxe6 41. Re5 Qb6 42. Qe4 Rf8 43. Rd2 Rd7 44. e3 Qa5 45. Rxd4 Qe1 46. Qc2 Rc7 47. Qd2 Qa1 48. Rxe6 Rc1 49. Rd8 Rg1+ 50. Kh3 Qf1+ 51. Kg4 Qc4+ 0-1

[Event "XLV Badalona Open 2019"]
[Site "Badalona"]
[Date "2019.08.07"]
[Round "6.8"]
[White "Bru Rullo, Samuel"]
[Black "Korobitsyna, Olesya"]
[Result "1-0"]
[ECO "E73"]
[WhiteElo "1867"]
[BlackElo "1609"]
[Annotator "NA"]
[PlyCount "205"]
[EventDate "2019.08.02"]
[EventType "swiss"]
[EventCountry "ESP"]
[SourceTitle "playchess.com"]
[Source "ChessBase"]
[SourceQuality "1"]
[TimeControl "5400+30"]

1. d4 g6 2. c4 Bg7 3. Nc3 d6 4. e4 Nf6 5. Be2 O-O 6. Be3 Nbd7 7. g4 e5 8. d5 Ne8 9. h4 f5 10. gxf5 gxf5 11. exf5 Rxf5 12. h5 Rf8 13. Nh3 Qh4 14. Bg5 Qd4 15. h6 Qxd1+ 16. Rxd1 Bf6 17. Rg1 Kh8 18. Be3 Nb6 19. Ng5 Bf5 20. Nce4 Be7 21. b3 Nf6 22. Nxf6 Rxf6 23. Kd2 Bf8 24. Bh5 Bg6 25. Bxg6 Rxg6 26. Rg3 Kg8 27. Ne4 Rxg3 28. Nxg3 Kf7 29. Rg1 Be7 30. Ne4 Rg8 31. Rxg8 Kxg8 32. Ng5 Bxg5 33. Bxg5 Kf7 34. f4 Kg6 35. Bd8 c6 36. fxe5 dxe5 37. Bxb6 axb6 38. b4 cxd5 39. cxd5 Kf5 40. b5 e4 41. Ke3 Ke5 42. d6 Kxd6 43. Kxe4 Ke6 44. a3 Kf6 45. Kd5 Kg6 46. Kd6 Kxh6 47. Kc7 Kg5 48. Kxb7 h5 49. Kxb6 h4 50. Ka7 h3 51. b6 h2 52. b7 h1=Q 53. b8=Q Qh7+ 54. Qb7 Qd3 55. Qe7+ Kf4 56. Qb4+ Kg5 57. a4 Qd7+ 58. Ka6 Qc6+ 59. Ka5 Qc7+ 60. Qb6 Qc3+ 61. Ka6 Qc8+ 62. Kb5 Qd7+ 63. Ka5 Kf4 64. Qf2+ Kg5 65. Qg3+ Kf6 66. Qf4+ Kg7 67. Qe5+ Kg6 68. Qb5 Qd2+ 69. Ka6 Qg2 70. Qb6+ Kf5 71. a5 Qa8+ 72. Kb5 Qe8+ 73. Qc6 Qb8+ 74. Ka6 Kf4 75. Qb6 Qa8+ 76. Kb5 Qd5+ 77. Kb4 Qd2+ 78. Kc5 Qc3+ 79. Kb5 Qd3+ 80. Kc6 Qe4+ 81. Kc7 Qe7+ 82. Kb8 Qe8+ 83. Kb7 Qe4+ 84. Ka7 Qe7+ 85. Ka8 Qe8+ 86. Qb8+ Qe5 87. Qxe5+ Kxe5 88. Kb7 Kd6 89. a6 Ke5 90. a7 Kd4 91. a8=Q Ke5 92. Qd8 Ke4 93. Qd6 Kf5 94. Kc6 Ke4 95. Qd5+ Ke3 96. Kc5 Kf4 97. Kd4 Kg3 98. Qe4 Kf2 99. Kd3 Kg3 100. Ke3 Kh2 101. Qg6 Kh3 102. Kf3 Kh2 103. Qg2# 1-0

[Event "XLV Badalona Open 2019"]
[Site "Badalona"]
[Date "2019.08.07"]
[Round "6.10"]
[White "Flores Linan, Jose Luis"]
[Black "Fabregas Fontanet, Antonio"]
[Result "0-1"]
[ECO "A50"]
[WhiteElo "1852"]
[BlackElo "1942"]
[Annotator "NA"]
[PlyCount "90"]
[EventDate "2019.08.02"]
[EventType "swiss"]
[EventCountry "ESP"]
[SourceTitle "playchess.com"]
[Source "ChessBase"]
[SourceQuality "1"]
[TimeControl "5400+30"]

1. d4 Nf6 2. c4 g6 3. d5 Bg7 4. Nc3 d6 5. e4 O-O 6. Nge2 e6 7. Ng3 exd5 8. cxd5 Re8 9. Be2 h5 10. Bg5 Nbd7 11. Bb5 Nxe4 12. Ngxe4 Bxc3+ 13. bxc3 Rxe4+ 14. Be3 Ne5 15. Be2 Bg4 16. O-O Bxe2 17. Qxe2 Ng4 18. Qf3 Qh4 19. Bf4 Rae8 20. h3 Nf6 21. Bg3 Qg5 22. h4 Qf5 23. Qxf5 gxf5 24. Rfd1 Rc4 25. Rd3 Re2 26. Rf3 f4 27. Bxf4 Nxd5 28. Bg3 Ne7 29. a4 a5 30. Bf4 Ree4 31. Bg5 Ng6 32. Bd8 Kf8 33. Rb1 Ke8 34. Bf6 b6 35. Rf5 Rf4 36. Rbb5 c6 37. g3 cxb5 38. gxf4 bxa4 39. Rb5 a3 40. Rb3 Ra4 41. c4 a2 42. Ba1 Rb4 43. Re3+ Kd7 44. Re1 Rb1 45. Kf1 Nxf4 0-1

[Event "XLV Badalona Open 2019"]
[Site "Badalona"]
[Date "2019.08.08"]
[Round "7.1"]
[White "Rojas Keim, Luis"]
[Black "Umetsubo, Cesar Hidemitsu"]
[Result "1-0"]
[ECO "C42"]
[WhiteElo "2338"]
[BlackElo "2406"]
[Annotator "NA"]
[PlyCount "95"]
[EventDate "2019.08.02"]
[EventType "swiss"]
[EventCountry "ESP"]
[SourceTitle "playchess.com"]
[Source "ChessBase"]
[SourceQuality "1"]
[TimeControl "5400+30"]

1. e4 e5 2. Nf3 Nf6 3. Nxe5 d6 4. Nf3 Nxe4 5. d4 d5 6. Bd3 Nc6 7. O-O Be7 8. Nc3 Nxc3 9. bxc3 O-O 10. h3 Be6 11. Rb1 b6 12. Re1 h6 13. Bf4 Bd6 14. Ne5 Nxe5 15. dxe5 Bc5 16. Qh5 f5 17. Bxh6 Qe8 18. Qxe8 Raxe8 19. Bg5 c6 20. g3 b5 21. a4 bxa4 22. Ra1 a3 23. Bc1 Rf7 24. Bxa3 Bb6 25. Bd6 g5 26. Kg2 Rh7 27. g4 Rf7 28. f3 c5 29. Rab1 Kg7 30. gxf5 Bxf5 31. Bxf5 Rxf5 32. Rb5 d4 33. Bxc5 dxc3 34. Bxb6 axb6 35. Re3 Re6 36. Kg3 Rc6 37. Kg4 Kg6 38. Rb3 Rf4+ 39. Kg3 Kf5 40. e6 Rxe6 41. Rxe6 Kxe6 42. Rxb6+ Ke5 43. Rb5+ Kd4 44. Rxg5 Rf8 45. Kf2 Rh8 46. Rg4+ Kc5 47. h4 Rd8 48. Rg2 1-0

[Event "XLV Badalona Open 2019"]
[Site "Badalona"]
[Date "2019.08.08"]
[Round "7.2"]
[White "Sturt, Raven"]
[Black "Perez Mitjans, Orelvis"]
[Result "1-0"]
[ECO "E98"]
[WhiteElo "2429"]
[BlackElo "2416"]
[Annotator "NA"]
[PlyCount "71"]
[EventDate "2019.08.02"]
[EventType "swiss"]
[EventCountry "ESP"]
[SourceTitle "playchess.com"]
[Source "ChessBase"]
[SourceQuality "1"]
[TimeControl "5400+30"]

1. d4 Nf6 2. c4 g6 3. Nc3 Bg7 4. e4 d6 5. Nf3 O-O 6. Be2 e5 7. O-O Nc6 8. d5 Ne7 9. Ne1 Nd7 10. Be3 f5 11. f3 f4 12. Bf2 g5 13. Nd3 Nf6 14. c5 h5 15. Rc1 Ne8 16. Nb5 Ng6 17. cxd6 cxd6 18. Nxa7 Bd7 19. Qb3 Qb8 20. Nb5 g4 21. Bb6 Rf7 22. a4 Nh4 23. Kh1 Bf8 24. a5 Rg7 25. Rg1 Kh8 26. Rc3 Be7 27. Ne1 Bd8 28. g3 Ng6 29. Na3 Nf6 30. Nc4 gxf3 31. Bxf3 Bg4 32. Qb4 Bxf3+ 33. Rxf3 Bxb6 34. Nxb6 Ra6 35. Nd3 fxg3 36. Rxf6 1-0

[Event "XLV Badalona Open 2019"]
[Site "Badalona"]
[Date "2019.08.08"]
[Round "7.3"]
[White "Lopez Gonzalez, Abel Fabian"]
[Black "Hernandez, Cristian Andres"]
[Result "1/2-1/2"]
[ECO "E39"]
[WhiteElo "2355"]
[BlackElo "2355"]
[Annotator "NA"]
[PlyCount "79"]
[EventDate "2019.08.02"]
[EventType "swiss"]
[EventCountry "ESP"]
[SourceTitle "playchess.com"]
[Source "ChessBase"]
[SourceQuality "1"]
[TimeControl "5400+30"]

1. d4 Nf6 2. c4 e6 3. Nc3 Bb4 4. Qc2 c5 5. dxc5 O-O 6. a3 Bxc5 7. Nf3 Qb6 8. e3 Be7 9. Bd3 d6 10. O-O Nbd7 11. b4 a6 12. Bb2 Qc7 13. Rac1 b6 14. Ng5 h6 15. Nh7 Rd8 16. Nxf6+ Nxf6 17. Ne4 Nxe4 18. Bxe4 Bb7 19. Bh7+ Kh8 20. Bd3 a5 21. e4 e5 22. Qb3 Bc6 23. Bc3 Bd7 24. c5 dxc5 25. bxa5 Be6 26. Bc4 Bxc4 27. Qxc4 f6 28. axb6 Qxb6 29. a4 Qa6 30. Qf7 Bf8 31. a5 Ra7 32. Qg6 Rad7 33. Bxe5 Qe2 34. Rce1 Qd2 35. Ba1 Qxa5 36. e5 fxe5 37. Bxe5 Kg8 38. h4 Qa2 39. h5 Qf7 40. Qg4 1/2-1/2

[Event "XLV Badalona Open 2019"]
[Site "Badalona"]
[Date "2019.08.08"]
[Round "7.4"]
[White "Mascaro March, Pedro"]
[Black "Munoz, Miguel"]
[Result "1/2-1/2"]
[ECO "A46"]
[WhiteElo "2376"]
[BlackElo "2511"]
[Annotator "ChessBase"]
[PlyCount "81"]
[EventDate "2019.08.02"]
[EventType "swiss"]
[EventCountry "ESP"]
[SourceTitle "playchess.com"]
[Source "ChessBase"]
[SourceQuality "1"]
[TimeControl "5400+30"]

1. d4 Nf6 2. Nf3 c5 3. e3 g6 4. dxc5 Qa5+ 5. Nbd2 Bg7 6. a3 Qxc5 7. b4 Qc7 8. Bb2 O-O 9. c4 Nc6 10. Be2 d6 11. O-O Bf5 12. Rc1 a5 13. b5 Nb8 14. Nd4 Bc8 15. Nb1 e5 16. Nb3 a4 17. N3d2 Nbd7 18. Nc3 Nc5 19. e4 Qd8 20. Qc2 Bh6 21. Rcd1 Be6 22. Rfe1 Nfd7 23. Nf3 Qe7 24. h3 Nb6 25. Nd5 Nxd5 26. cxd5 Bxh3 27. gxh3 Rac8 28. Bc4 Bf4 29. Qe2 f5 30. exf5 Rxf5 31. Bd4 Qd7 32. Bxc5 Rh5 33. Qf1 Rxc5 34. Re4 Qf5 35. Rde1 Rxh3 36. Qg2 Rh5 37. Bd3 Rc3 38. Rxe5 Qxd3 39. Rxh5 Qxf3 40. Rh4 Qxg2+ 41. Kxg2 1/2-1/2

[Event "XLV Badalona Open 2019"]
[Site "Badalona"]
[Date "2019.08.08"]
[Round "7.5"]
[White "Lorenzo De La Riva, Lazaro"]
[Black "Oliva Castaneda, Kevel"]
[Result "1-0"]
[ECO "C95"]
[WhiteElo "2373"]
[BlackElo "2467"]
[Annotator "ChessBase"]
[PlyCount "81"]
[EventDate "2019.08.02"]
[EventType "swiss"]
[EventCountry "ESP"]
[SourceTitle "playchess.com"]
[Source "ChessBase"]
[SourceQuality "1"]
[TimeControl "5400+30"]

1. e4 e5 2. Nf3 Nc6 3. Bb5 a6 4. Ba4 Nf6 5. O-O Be7 6. Re1 b5 7. Bb3 d6 8. c3 O-O 9. h3 Nb8 10. d4 Nbd7 11. Nbd2 Bb7 12. Bc2 Re8 13. Nf1 Bf8 14. Ng3 g6 15. a4 c5 16. d5 c4 17. Bg5 Nc5 18. Qd2 Be7 19. Be3 Nfd7 20. Rf1 Qc7 21. Nh2 Nb6 22. axb5 axb5 23. Rxa8 Rxa8 24. Ng4 Bc8 25. Nh6+ Kg7 26. f4 f6 27. f5 Bd7 28. Ng4 Be8 29. Bh6+ Kf7 30. fxg6+ hxg6 31. Nh5 Nbd7 32. Bg7 gxh5 33. Qh6 hxg4 34. Bh8 Ne6 35. Qh7+ Kf8 36. dxe6 Bh5 37. Qxh5 Kg8 38. Qxg4+ Kxh8 39. Qh5+ Kg8 40. Qf7+ Kh8 41. Rf5 1-0

[Event "XLV Badalona Open 2019"]
[Site "Badalona"]
[Date "2019.08.08"]
[Round "7.6"]
[White "Becerra, Juan David"]
[Black "Berdayes Ason, Dylan Isidro"]
[Result "1/2-1/2"]
[ECO "B22"]
[WhiteElo "2327"]
[BlackElo "2461"]
[Annotator "ChessBase"]
[PlyCount "54"]
[EventDate "2019.08.02"]
[EventType "swiss"]
[EventCountry "ESP"]
[SourceTitle "playchess.com"]
[Source "ChessBase"]
[SourceQuality "1"]
[TimeControl "5400+30"]

1. e4 c5 2. c3 Nf6 3. e5 Nd5 4. d4 cxd4 5. cxd4 e6 6. Nc3 Nxc3 7. bxc3 d6 8. Nf3 Qc7 9. Bd2 Nd7 10. exd6 Bxd6 11. Bd3 b6 12. O-O Bb7 13. Re1 O-O 14. h3 Rfe8 15. c4 Bf4 16. Ne5 Bxe5 17. dxe5 Nc5 18. Bc2 Rad8 19. Qh5 Rxd2 20. Qxh7+ Kf8 21. Qh8+ Ke7 22. Qxg7 Rdd8 23. Qf6+ Kd7 24. Qxf7+ Re7 25. Rad1+ Kc8 26. Rxd8+ Qxd8 27. Qf6 Qg8 1/2-1/2

[Event "XLV Badalona Open 2019"]
[Site "Badalona"]
[Date "2019.08.08"]
[Round "7.7"]
[White "Della Morte, Pablo"]
[Black "Morales, Jhon Alexander"]
[Result "1/2-1/2"]
[ECO "B57"]
[WhiteElo "2289"]
[BlackElo "2405"]
[Annotator "NA"]
[PlyCount "111"]
[EventDate "2019.08.02"]
[EventType "swiss"]
[EventCountry "ESP"]
[SourceTitle "playchess.com"]
[Source "ChessBase"]
[SourceQuality "1"]
[TimeControl "5400+30"]

1. e4 c5 2. Nf3 Nc6 3. d4 cxd4 4. Nxd4 Nf6 5. Nc3 d6 6. Bc4 Bd7 7. O-O g6 8. h3 Bg7 9. Be3 O-O 10. Bb3 Nxd4 11. Bxd4 Bc6 12. Re1 Nd7 13. Bxg7 Kxg7 14. Qd4+ Kg8 15. a4 Qa5 16. Bd5 Rfc8 17. Rad1 Qb6 18. Qxb6 Nxb6 19. Bb3 Nd7 20. f4 Nc5 21. g4 Kg7 22. Kf2 a5 23. e5 Nxb3 24. cxb3 dxe5 25. Rxe5 Ra6 26. Rd2 Rb6 27. Rxa5 Rxb3 28. Rc5 Rb4 29. Kg3 b6 30. Re5 e6 31. a5 b5 32. Rc5 Rb3 33. Kh2 Bb7 34. Rxc8 Bxc8 35. Ne4 Rb4 36. Nd6 Bd7 37. Nxf7 Kxf7 38. Rxd7+ Kf6 39. Rxh7 Rxf4 40. a6 Rb4 41. a7 Rxb2+ 42. Kg3 Ra2 43. Rb7 b4 44. Kf4 g5+ 45. Ke4 b3 46. Kd3 b2 47. Kc2 Ke5 48. Kb1 Ra6 49. Kxb2 Kf4 50. Rb4+ Ke5 51. Rb7 Kf4 52. Kc3 e5 53. Kc4 e4 54. Rh7 Ra1 55. Kd4 Ra4+ 56. Kc3 1/2-1/2

[Event "XLV Badalona Open 2019"]
[Site "Badalona"]
[Date "2019.08.08"]
[Round "7.8"]
[White "Fabregas Fontanet, Antonio"]
[Black "Bru Rullo, Samuel"]
[Result "0-1"]
[ECO "B28"]
[WhiteElo "1942"]
[BlackElo "1867"]
[Annotator "NA"]
[PlyCount "64"]
[EventDate "2019.08.02"]
[EventType "swiss"]
[EventCountry "ESP"]
[SourceTitle "playchess.com"]
[Source "ChessBase"]
[SourceQuality "1"]
[TimeControl "5400+30"]

1. e4 c5 2. Nf3 a6 3. d4 cxd4 4. Nxd4 Nf6 5. Nc3 e5 6. Nf3 Bb4 7. Bd3 d5 8. exd5 e4 9. O-O Bxc3 10. bxc3 O-O 11. Be2 exf3 12. Bxf3 Bf5 13. c4 Qc8 14. Qd4 Bxc2 15. c5 Re8 16. Bf4 Be4 17. Rac1 Qf5 18. Bxb8 Bxf3 19. gxf3 Raxb8 20. Rfd1 Qxf3 21. Rc3 Qg4+ 22. Qxg4 Nxg4 23. c6 bxc6 24. dxc6 Rbc8 25. c7 Nf6 26. f3 g6 27. Rd6 Kg7 28. Rc5 Re7 29. Rxa6 Rexc7 30. Rxc7 Rxc7 31. Kg2 Nh5 32. h4 Rc4 0-1

[Event "XLV Badalona Open 2019"]
[Site "Badalona"]
[Date "2019.08.08"]
[Round "7.9"]
[White "Malonda Rey, Albert"]
[Black "Korobitsyna, Olesya"]
[Result "1-0"]
[ECO "A10"]
[WhiteElo "1806"]
[BlackElo "1609"]
[Annotator "NA"]
[PlyCount "39"]
[EventDate "2019.08.02"]
[EventType "swiss"]
[EventCountry "ESP"]
[SourceTitle "playchess.com"]
[Source "ChessBase"]
[SourceQuality "1"]
[TimeControl "5400+30"]

1. c4 g6 2. Nc3 Bg7 3. g3 d6 4. Bg2 Nf6 5. e4 O-O 6. Nge2 Nbd7 7. O-O a6 8. d3 Rb8 9. a4 b6 10. h3 Bb7 11. Be3 h6 12. f4 e5 13. Kh2 exf4 14. gxf4 Nh7 15. f5 g5 16. Nd4 Ne5 17. Nf3 g4 18. Nxe5 Bxe5+ 19. Bf4 h5 20. Qd2 1-0

[Event "XLV Badalona Open 2019"]
[Site "Badalona"]
[Date "2019.08.09"]
[Round "8.1"]
[White "Sturt, Raven"]
[Black "Rojas Keim, Luis"]
[Result "1-0"]
[ECO "A45"]
[WhiteElo "2429"]
[BlackElo "2338"]
[Annotator "NA"]
[PlyCount "29"]
[EventDate "2019.08.02"]
[EventType "swiss"]
[EventCountry "ESP"]
[SourceTitle "playchess.com"]
[Source "ChessBase"]
[SourceQuality "1"]
[TimeControl "5400+30"]

1. d4 Nf6 2. e3 e6 3. Bd3 c5 4. c3 Be7 5. Nf3 cxd4 6. exd4 b6 7. Qe2 Bb7 8. O-O O-O 9. Bg5 Nd5 10. Bxe7 Qxe7 11. Be4 f5 12. Bxd5 Bxd5 13. Nbd2 Bb7 14. Rfe1 Qd6 15. a4 1-0

[Event "XLV Badalona Open 2019"]
[Site "Badalona"]
[Date "2019.08.09"]
[Round "8.2"]
[White "Berdayes Ason, Dylan Isidro"]
[Black "Mascaro March, Pedro"]
[Result "1/2-1/2"]
[ECO "C10"]
[WhiteElo "2461"]
[BlackElo "2376"]
[Annotator "ChessBase"]
[PlyCount "79"]
[EventDate "2019.08.02"]
[EventType "swiss"]
[EventCountry "ESP"]
[SourceTitle "playchess.com"]
[Source "ChessBase"]
[SourceQuality "1"]
[TimeControl "5400+30"]

1. e4 e6 2. d4 d5 3. Nd2 dxe4 4. Nxe4 Bd7 5. Nf3 Bc6 6. Bd3 Nd7 7. O-O Ngf6 8. Ng3 Be7 9. Re1 O-O 10. c3 Bxf3 11. Qxf3 c5 12. dxc5 Nxc5 13. Bc2 Qd5 14. Qe2 a5 15. Rd1 Qc6 16. Bg5 Rfd8 17. Nh5 Ncd7 18. Nxf6+ Nxf6 19. h3 h6 20. Bh4 Qb6 21. Ba4 Qc7 22. Bg3 Bd6 23. Rxd6 Rxd6 24. Bxd6 Qxd6 25. Rd1 Qb6 26. Qb5 Qxb5 27. Bxb5 Kf8 28. Be2 Ke7 29. Bf3 Rb8 30. Kf1 Nd7 31. Rd4 Ne5 32. Be4 g5 33. Ke2 f5 34. Bc2 Nc6 35. Rd1 h5 36. g3 h4 37. gxh4 gxh4 38. Rg1 Kf6 39. f4 Rd8 40. Bb3 {Ke5} 1/2-1/2

[Event "XLV Badalona Open 2019"]
[Site "Badalona"]
[Date "2019.08.09"]
[Round "8.4"]
[White "Hernandez, Cristian Andres"]
[Black "Lorenzo De La Riva, Lazaro"]
[Result "1/2-1/2"]
[ECO "D21"]
[WhiteElo "2355"]
[BlackElo "2373"]
[Annotator "NA"]
[PlyCount "99"]
[EventDate "2019.08.02"]
[EventType "swiss"]
[EventCountry "ESP"]
[SourceTitle "playchess.com"]
[Source "ChessBase"]
[SourceQuality "1"]
[TimeControl "5400+30"]

1. d4 d5 2. c4 dxc4 3. Nf3 a6 4. e3 Bg4 5. Bxc4 e6 6. h3 Bh5 7. Nc3 Nf6 8. g4 Bg6 9. Ne5 Nbd7 10. Nxg6 hxg6 11. Qf3 b5 12. Bb3 c5 13. g5 Nh5 14. Bd2 Rb8 15. h4 Qb6 16. dxc5 Bxc5 17. Ne2 O-O 18. Rd1 Rbd8 19. Bc3 b4 20. Bd4 Bxd4 21. Nxd4 Nc5 22. Qc6 Qa5 23. O-O Rc8 24. Qd6 Ne4 25. Qd7 Nxg5 26. hxg5 Qxg5+ 27. Kh2 Qh4+ 28. Kg2 Qg4+ 29. Kh2 Qh4+ 30. Kg2 Qe4+ 31. Kh2 Rfd8 32. Qe7 Nf6 33. Nxe6 Qh4+ 34. Kg2 Qg4+ 35. Kh2 Re8 36. Qd6 fxe6 37. Rd4 Qh5+ 38. Kg2 Qg5+ 39. Qg3 Qxg3+ 40. Kxg3 a5 41. Kf3 Kf7 42. Rd6 Rc5 43. Rfd1 g5 44. Ke2 g4 45. R1d4 Re5 46. Rc6 Re7 47. Bc2 Ra7 48. Bb3 Re7 49. Bc2 Ra7 50. Bb3 1/2-1/2

[Event "XLV Badalona Open 2019"]
[Site "Badalona"]
[Date "2019.08.09"]
[Round "8.5"]
[White "Munoz, Miguel"]
[Black "Mateus, Alejandro"]
[Result "1/2-1/2"]
[ECO "B00"]
[WhiteElo "2511"]
[BlackElo "2334"]
[Annotator "ChessBase"]
[PlyCount "42"]
[EventDate "2019.08.02"]
[EventType "swiss"]
[EventCountry "ESP"]
[SourceTitle "playchess.com"]
[Source "ChessBase"]
[SourceQuality "1"]
[TimeControl "5400+30"]

1. e4 d6 2. g3 d5 3. exd5 Qxd5 4. Nf3 Bg4 5. Be2 Nc6 6. h3 Bh5 7. Nc3 Qd7 8. d4 e6 9. Bf4 Nf6 10. g4 Bg6 11. Bb5 Bb4 12. Ne5 Bxc3+ 13. bxc3 Qd5 14. Bxc6+ bxc6 15. O-O Rd8 16. c4 Qe4 17. Be3 h5 18. g5 Ng4 19. Qf3 Nxe5 20. Qxe4 Bxe4 21. dxe5 a6 1/2-1/2

[Event "XLV Badalona Open 2019"]
[Site "Badalona"]
[Date "2019.08.09"]
[Round "8.6"]
[White "Sreeshwan Maralakshikari"]
[Black "Panesso Rivera, Henry"]
[Result "1/2-1/2"]
[ECO "D45"]
[WhiteElo "2461"]
[BlackElo "2380"]
[Annotator "ChessBase"]
[PlyCount "51"]
[EventDate "2019.08.02"]
[EventType "swiss"]
[EventCountry "ESP"]
[SourceTitle "playchess.com"]
[Source "ChessBase"]
[SourceQuality "1"]
[TimeControl "5400+30"]

1. d4 d5 2. c4 c6 3. Nc3 Nf6 4. e3 e6 5. Nf3 Nbd7 6. Qc2 Bd6 7. b3 Qe7 8. Bd3 h6 9. Bb2 a6 10. h3 b5 11. c5 Bc7 12. b4 a5 13. a3 O-O 14. Ne2 e5 15. dxe5 Nxe5 16. Nxe5 Bxe5 17. O-O Bxb2 18. Qxb2 a4 19. Ng3 h5 20. Qd4 Re8 21. Rae1 Qe5 22. f4 Qxd4 23. exd4 Rxe1 24. Rxe1 Kf8 25. Re5 g6 26. Nh1 {Ke8} 1/2-1/2

[Event "XLV Badalona Open 2019"]
[Site "Badalona"]
[Date "2019.08.09"]
[Round "8.7"]
[White "Perez Mitjans, Orelvis"]
[Black "Cruz, Filemon"]
[Result "0-1"]
[ECO "C19"]
[WhiteElo "2416"]
[BlackElo "2304"]
[Annotator "NA"]
[PlyCount "113"]
[EventDate "2019.08.02"]
[EventType "swiss"]
[EventCountry "ESP"]
[SourceTitle "playchess.com"]
[Source "ChessBase"]
[SourceQuality "1"]
[TimeControl "5400+30"]

1. e4 e6 2. d4 d5 3. Nc3 Bb4 4. e5 c5 5. a3 Bxc3+ 6. bxc3 Ne7 7. Nf3 Qc7 8. Bd3 b6 9. O-O Ba6 10. Bxa6 Nxa6 11. Qd3 Nb8 12. a4 Nd7 13. Ng5 h6 14. Nh3 Rc8 15. Ba3 O-O 16. Nf4 Rfe8 17. Qh3 Ng6 18. Nd3 cxd4 19. f4 Qxc3 20. Bd6 Qd2 21. Rae1 Nc5 22. Nxc5 bxc5 23. f5 exf5 24. Qxf5 Nh8 25. Rb1 c4 26. Rb5 d3 27. cxd3 c3 28. Rbb1 Re6 29. Qf3 c2 30. Rbc1 d4 31. Kh1 Rg6 32. Qb7 Kh7 33. g3 Re8 34. Qc6 Rxe5 35. Rxc2 Qxd3 36. Rcc1 Ree6 37. Rfd1 Qe3 38. Qa8 Rxd6 39. Rc8 Rgf6 40. Rxh8+ Kg6 41. Re8 Qf3+ 42. Qxf3 Rxf3 43. Re4 d3 44. Rd2 Rf5 45. Kg2 Rfd5 46. Kf3 f5 47. Rb4 Kf6 48. Rb3 g5 49. Ke3 Ke5 50. Rb4 Rd4 51. Rb5+ R6d5 52. Rb8 Re4+ 53. Kf3 g4+ 54. Kf2 Rxa4 55. Rh8 Kd4 56. Rxh6 Kc3 57. Rd1 0-1

[Event "XLV Badalona Open 2019"]
[Site "Badalona"]
[Date "2019.08.09"]
[Round "8.8"]
[White "Moncada Correa, Sara"]
[Black "Bru Rullo, Samuel"]
[Result "1/2-1/2"]
[ECO "A61"]
[WhiteElo "1909"]
[BlackElo "1867"]
[Annotator "NA"]
[PlyCount "42"]
[EventDate "2019.08.02"]
[EventType "swiss"]
[EventCountry "ESP"]
[SourceTitle "playchess.com"]
[Source "ChessBase"]
[SourceQuality "1"]
[TimeControl "5400+30"]

1. d4 Nf6 2. c4 e6 3. Nf3 c5 4. d5 exd5 5. cxd5 d6 6. Nc3 g6 7. e4 Bg7 8. h3 O-O 9. Bd3 Re8 10. O-O a6 11. a4 Nbd7 12. Re1 Nh5 13. Qc2 Ne5 14. Nxe5 Bxe5 15. Ne2 Qh4 16. Rf1 Bxh3 17. gxh3 Qxh3 18. f4 Ng3 19. Re1 Nxe2+ 20. Qxe2 Qg3+ 21. Kf1 Qh3+ 1/2-1/2

[Event "XLV Badalona Open 2019"]
[Site "Badalona"]
[Date "2019.08.09"]
[Round "8.9"]
[White "Malonda Rey, Albert"]
[Black "Bedoya Rosales, Luis"]
[Result "1-0"]
[ECO "A36"]
[WhiteElo "1806"]
[BlackElo "1924"]
[Annotator "NA"]
[PlyCount "25"]
[EventDate "2019.08.02"]
[EventType "swiss"]
[EventCountry "ESP"]
[SourceTitle "playchess.com"]
[Source "ChessBase"]
[SourceQuality "1"]
[TimeControl "5400+30"]

1. c4 g6 2. Nc3 Bg7 3. g3 c5 4. Bg2 Nc6 5. e4 d6 6. Nge2 e6 7. O-O Nge7 8. d3 O-O 9. Be3 Nd4 10. Rb1 Nec6 11. a3 Rb8 12. b4 b6 13. Qd2 1-0